 Dungeon Crawl Stone Soup version 0.30-a0-696-g2367cd04db (webtiles) character file.

Game seed: 8117100326682307467

3314 pokeman the Thaumaturge (level 9, -11/49 HPs)
             Began as a Deep Elf Hedge Wizard on Jan 20, 2023.
             Was a Believer of Vehumet.
             Killed from afar by a tengu conjurer (28 damage)
             ... with a bolt of lightning
             ... on level 9 of the Dungeon.
             The game lasted 00:19:26 (9629 turns).

pokeman the Thaumaturge (Deep Elf Hedge Wizard)     Turns: 9629, Time: 00:19:27

Health: -11/49     AC:  7    Str:  7    XL:     9   Next: 70%
Magic:  19/26      EV: 12    Int: 24    God:    Vehumet [**....]
Gold:   388        SH:  0    Dex: 14    Spells: 14/31 levels left

rFire   + . .      SeeInvis +    N - +0 short sword (elec)
rCold   . . .      Faith    .    (no shield)
rNeg    . . .      Spirit   .    M - +1 leather armour {rF+}
rPois   .          Reflect  .    E - +0 helmet
rElec   .          Harm     .    v - +0 cloak
rCorr   .          Rampage  .    y - +0 pair of gloves
Will    .....                    (no boots)
Stlth   ++                       i - amulet of regeneration
HPRegen 1.08/turn                n - ring of see invisible
MPRegen 0.20/turn                (no ring)

@: no status effects
A: no striking features
a: Renounce Religion


You were on level 9 of the Dungeon.
You worshipped Vehumet.
Vehumet was pleased with you.
You visited 2 branches of the dungeon, and saw 10 of its levels.
You also visited: Ossuary.

You collected 388 gold pieces.

Inventory:

Hand Weapons
 N - a +0 short sword of electrocution (weapon)
Missiles
 B - a curare-tipped dart
Armour
 o - a scarf of harm
 v - a +0 cloak (worn)
 y - a +0 pair of gloves (worn)
 D - +0 steam dragon scales
 E - a +0 helmet (worn)
 M - a +1 leather armour of fire resistance (worn)
Magical Staves
 C - a staff of earth
Jewellery
 i - an amulet of regeneration (around neck)
 n - a ring of see invisible (left hand)
Wands
 r - a wand of quicksilver (20)
 w - a wand of flame (8)
 x - a wand of roots (12)
 K - a wand of mindburst (12)
Scrolls
 e - 3 scrolls of amnesia {unknown}
 f - 16 scrolls of identify {unknown}
 g - 2 scrolls of fear {unknown}
 l - a scroll of enchant weapon {unknown}
 p - 2 scrolls of butterflies {unknown}
 s - 4 scrolls of teleportation {unknown}
 u - 3 scrolls of magic mapping {unknown}
 A - a scroll of enchant armour {unknown}
 F - a scroll of brand weapon {unknown}
 G - 2 scrolls of immolation {unknown}
 I - a scroll of poison {unknown}
 J - a scroll of acquirement {unknown}
Potions
 a - 3 potions of flight {unknown}
 b - a potion of berserk rage {unknown}
 c - 3 potions of ambrosia {unknown}
 d - 2 potions of magic
 h - 2 potions of attraction {unknown}
 j - a potion of haste {unknown}
 k - 2 potions of degeneration {unknown}
 m - 4 potions of curing {unknown}
 q - a potion of heal wounds {unknown}
 t - 2 potions of brilliance {unknown}
 z - a potion of mutation {unknown}
 H - a potion of cancellation {unknown}
 L - a potion of lignification {unknown}


   Skills:
 + Level 2.8 Fighting
 - Level 3.0 Armour
 - Level 3.0 Dodging
 - Level 3.0 Stealth
 * Level 11.5 Spellcasting
 + Level 6.2 Conjurations
 + Level 5.2 Summonings
 - Level 1.1 Translocations
 + Level 5.3 Fire Magic
 - Level 1.1 Air Magic
 - Level 1.0 Earth Magic
 - Level 1.0 Poison Magic
 - Level 1.3 Evocations


You had 14 spell levels left.
You knew the following spells:

 Your Spells              Type           Power      Damage    Failure   Level
a - Magic Dart            Conj           100%       1d8       1%          1
b - Mephitic Cloud        Conj/Pois/Air  27%        N/A       6%          3
c - Call Imp              Summ           39%        N/A       1%          2
d - Blink                 Tloc           38%        N/A       6%          2
e - Foxfire               Conj/Fire      100%       2x1d9     1%          1
f - Stone Arrow           Conj/Erth      62%        3d10      4%          3
g - Fireball              Conj/Fire      20%        3d10      17%         5

Your spell library contained the following spells:

 Spells                   Type           Power      Damage    Failure   Level
 Sandblast                Erth           38%        2d10      4%          1
 Hailstorm                Conj/Ice       28%        3d8       5%          3
 Lesser Beckoning         Tloc           38%        N/A       6%          2
 Slow                     Hex            52%        N/A       7%          1
 Cigotuvi's Dreadful Rot  Necr/Pois/Air  34%        N/A       8%          2
 Ensorcelled Hibernation  Hex/Ice        26%        N/A       10%         2
 Sublimation of Blood     Necr           13%        N/A       10%         2
 Wereblood                Tmut           13%        N/A       10%         2
 Vhi's Electric Charge    Tloc/Air       38%        N/A       12%         3
 Gell's Gravitas          Tloc           19%        N/A       13%         3
 Teleport Other           Tloc           19%        N/A       13%         3
 Iskenderun's Mystic Bla  Conj/Tloc      31%        2d8       14%         4
 Spider Form              Tmut/Pois      16%        N/A       16%         3
 Animate Armour           Summ/Erth      58%        N/A       19%         4
 Frozen Ramparts          Ice            26%        1d4       21%         3
 Summon Ice Beast         Ice/Summ       26%        N/A       22%         4
 Arcjolt                  Conj/Air       15%        1d25      36%         5
 Anguish                  Hex/Necr       6%         N/A       54%         4
 Ice Form                 Ice/Tmut       13%        N/A       54%         4
 Starburst                Conj/Fire      20%        6d7       67%         6
 Dispersal                Tloc           9%         N/A       100%        6
 Summon Hydra             Summ           19%        N/A       100%        7
 Lehudib's Crystal Spear  Conj/Erth      15%        10d5      100%        8
 Maxwell's Capacitive Co  Air            9%         ∞         100%        8
 Chain Lightning          Conj/Air       15%        3d20      100%        9


Dungeon Overview and Level Annotations

Branches:
Dungeon (9/15)             Temple (1/1) D:5         Ossuary (visited)
   Lair: D:8-11         Orc: D:9-12

Altars:
Ashenzari
Cheibriados
Dithmenos
Elyvilon
Fedhas
Gozag
Hepliaklqana
Kikubaaqudgha
Makhleb
Nemelex Xobeh
Okawaru
Qazlal
Ru
Sif Muna
Trog
Uskayaw
Vehumet
Wu Jian
Xom
Zin
The Shining One

Shops:
D:2 (   D:8 *(

Annotations:
D:9 Harold


Message History

Found a trident.
The six-headed hydra roars!
You hear a shout!
A tengu conjurer comes into view.
A deep elf pyromancer comes into view. It is wielding a +1 heavy long sword.
A bullfrog comes into view.
There is a stone staircase leading up here.
Casting: Stone Arrow (dangerous; 4% risk of failure)
Confirm with . or Enter, or press ? or * to list all spells.
Aiming: Stone Arrow (dangerous; 4% risk of failure)
Press: ? - help, Shift-Dir - straight line, f - six-headed hydra
Aim: a six-headed hydra (91% to hit)
The stone arrow hits the six-headed hydra!!
The six-headed hydra is heavily wounded.
The deep elf pyromancer shouts!
You hear a shout! x2
A deep elf pyromancer comes into view. It is wielding a +0 rapier.
A five-headed hydra comes into view.
Casting: Stone Arrow (dangerous; 4% risk of failure)
Confirm with . or Enter, or press ? or * to list all spells.
Aiming: Stone Arrow (dangerous; 4% risk of failure)
Press: ? - help, Shift-Dir - straight line, f/p - six-headed hydra
Aim: a six-headed hydra (moderately wounded, 91% to hit)
The stone arrow hits the six-headed hydra!!
The six-headed hydra is almost dead.
The five-headed hydra roars!
The deep elf pyromancer shouts!
You hear a shout! x2
A boulder beetle comes into view.
Casting: Stone Arrow (dangerous; 4% risk of failure)
Confirm with . or Enter, or press ? or * to list all spells.
Aiming: Stone Arrow (dangerous; 4% risk of failure)
Press: ? - help, Shift-Dir - straight line, f/p - six-headed hydra
Aim: a six-headed hydra (almost dead, 91% to hit)
The stone arrow hits the six-headed hydra!!
You kill the six-headed hydra!
Vehumet accepts your kill.
You feel your power returning.
The tengu conjurer casts a spell at you.
The bolt of lightning hits you!!
Ouch! That really hurt!
The bolt of lightning hits you!!
Ouch! That really hurt!
You die...

#.. . .. .. #.# .. @.#
.. .. #.. .. .#### ##..
.#.. #.###......
....##......##.#@..#
...............@.#.#
.#..........#....†.#
...@..$.##.......#Q#
#.S..........#.......
..<.....###..##$...#.QD
.$.###.###.. #..#.#eB.
.### #. ##...# F. . #)
##.#


You could see a boulder beetle, Harold, a deep elf pyromancer, a tengu conjurer
and a bullfrog.

Vanquished Creatures
  A hydra (D:9)
  A troll (D:5)
  A wraith (D:8)
  A steam dragon (D:6)
  2 water moccasins (D:6)
  2 ice beasts (D:6)
  2 black bears
  An orc warrior (D:8)
  5 ogres
  3 kobold brigands
  2 bullfrogs (D:7)
  2 necrophages
  3 scorpions
  2 howler monkeys
  3 centaur zombies (Ossuary)
  2 gnoll boudas
  A jelly (D:6)
  4 hounds
  2 orc priests (D:7)
  3 orc wizards
  An iguana (D:6)
  2 ogre zombies (Ossuary)
  8 mummies
  7 adders
  12 gnolls
  2 shadow imps
  2 white imps
  3 ufetubi
  8 adder zombies (Ossuary)
  2 worms
  6 dart slugs
  24 orcs
  5 ball pythons
  5 bats
  10 endoplasms
  5 giant cockroaches
  8 goblins
  7 hobgoblins
  10 jackals
  24 kobolds
  3 quokkas
  6 frilled lizards
  2 goblin zombies (Ossuary)
  6 hobgoblin zombies
  A kobold zombie (Ossuary)
  2 orc zombies
  4 quokka zombies (Ossuary)
  2 rats
  4 rat zombies (Ossuary)
224 creatures vanquished.

Vanquished Creatures (others)
  799 foxfires
799 creatures vanquished.

Grand Total: 1023 creatures vanquished

Notes
Turn   | Place    | Note
-------+----------+-------------------------------------------
     0 | D:1      | pokeman the Deep Elf Hedge Wizard began the quest for the
                  | Orb.
     0 | D:1      | Reached XP level 1. HP: 10/10 MP: 7/7
     1 | D:1      | Noticed an electric eel
   315 | D:1      | Reached XP level 2. HP: 16/16 MP: 3/9
   631 | D:1      | Found a faded altar of an unknown god.
   686 | D:1      | Reached skill level 5 in Spellcasting
   955 | D:1      | Reached XP level 3. HP: 20/20 MP: 9/11
   964 | D:1      | Learned a level 3 spell: Mephitic Cloud
   967 | D:1      | Learned a level 2 spell: Call Imp
   970 | D:1      | Learned a level 2 spell: Blink
   972 | D:1      | Learned a level 1 spell: Foxfire
  1100 | D:1      | Reached skill level 1 in Fighting
  1368 | D:2      | Found Pucharph's Antique Weapon Emporium.
  1614 | D:2      | Reached skill level 1 in Armour
  1687 | D:2      | Learned a level 3 spell: Stone Arrow
  2354 | D:2      | Reached XP level 4. HP: 19/25 MP: 5/13
  3145 | D:3      | Reached skill level 6 in Spellcasting
  3145 | D:3      | Reached XP level 5. HP: 29/29 MP: 6/15
  3694 | D:4      | Reached skill level 1 in Poison Magic
  3923 | D:4      | Reached skill level 1 in Fire Magic
  3991 | D:4      | Got the Guidebook on the Vector and the Shot
  4120 | D:4      | Reached skill level 1 in Earth Magic
  4120 | D:4      | Reached XP level 6. HP: 34/34 MP: 7/17
  4248 | D:4      | Reached skill level 7 in Spellcasting
  4248 | D:4      | Reached skill level 1 in Air Magic
  4252 | D:4      | Reached skill level 1 in Evocations
  4588 | D:4      | Reached XP level 7. HP: 38/38 MP: 13/20
  4937 | D:5      | Entered Level 5 of the Dungeon
  4954 | D:5      | Reached skill level 8 in Spellcasting
  5146 | D:5      | Noticed a troll
  5154 | D:5      | Killed a troll
  5255 | D:5      | Reached XP level 8. HP: 27/44 MP: 10/22
  5488 | D:5      | Found a staircase to the Ecumenical Temple.
  5497 | Temple   | Entered the Ecumenical Temple
  5590 | Temple   | Became a worshipper of Vehumet
  6066 | D:5      | Reached skill level 9 in Spellcasting
  6567 | D:6      | Reached * piety under Vehumet
  6567 | D:6      | Offered knowledge of Freeze by Vehumet.
  6631 | D:6      | Reached skill level 5 in Conjurations
  6855 | D:6      | Reached skill level 10 in Spellcasting
  7034 | D:6      | Reached XP level 9. HP: 48/48 MP: 15/25
  7290 | D:6      | Learned a level 5 spell: Fireball
  7409 | D:7      | Found an iron altar of Okawaru.
  7472 | D:7      | Found a blossoming altar of Fedhas.
  7695 | D:7      | Found a sand-covered staircase.
  7707 | Ossuary  | Entered an ossuary
  7993 | Ossuary  | Offered knowledge of Sandblast by Vehumet.
  7996 | Ossuary  | Reached ** piety under Vehumet
  8401 | D:7      | Reached skill level 11 in Spellcasting
  8653 | D:7      | Reached skill level 5 in Fire Magic
  9028 | D:8      | Reached skill level 5 in Summonings
  9080 | D:8      | Found a snail-covered altar of Cheibriados.
  9125 | D:8      | Found Sunagh's Weapon Boutique.
  9372 | D:8      | Found Gozag's Platinum Reserve.
  9396 | D:8      | Found an opulent altar of Gozag.
  9532 | D:9      | Noticed Harold
  9625 | D:9      | Noticed a six-headed hydra
  9625 | D:9      | Noticed a manticore
  9625 | D:9      | Noticed a tengu conjurer
  9625 | D:9      | Noticed a deep elf pyromancer
  9627 | D:9      | Noticed a deep elf pyromancer
  9627 | D:9      | Noticed a five-headed hydra
  9628 | D:9      | Noticed a boulder beetle
  9629 | D:9      | Killed a six-headed hydra
  9629 | D:9      | Killed from afar by a tengu conjurer

Illustrated notes

Levels and vault maps discovered:
D:1:      arrival_aquarium_a, layout_basic, ebering_ecumenical_altar_petrified
D:2:      layout_basic, serial_shops, shop
D:3:      cheibrodos_helix_gallery, layout_basic
D:4:      layout_loops_corners, serial_glass, glass_columns_b, glass_columns_a
D:5:      layout_basic, minmay_temple_entry_ruins
D:6:      layout_basic
D:7:      layout_basic, mainiacjoe_overflow_brackets, okawaru_ov_weapons_minmay,
          nicolae_ossuary_entry_giza
D:8:      layout_rooms, nicolae_gozag_zags_fifth_avenue, kennysheep_slug_shrine,
          serial_shops, kennysheep_mini
D:9:      layout_rooms, yredelemnul_altar_generic, zombieorc2_lemuel,
          minmay_misc_feat_chi, hex_tiny, minivault_28, uniq_harold
Temple:   minmay_temple_bridge_d

Skill      XL: |  1  2  3  4  5  6  7  8  9 |
---------------+----------------------------+-----
Spellcasting   | 5 6 7 8 10 11 | 11.5
Fighting       | 1 2 |  2.8
Armour         | 1 2 3 |  3.0
Conjurations   | 2 3 4 5 6 |  6.2
Stealth        | 3 |  3.0
Dodging        | 3 |  3.0
Poison Magic   | 1 |  1.0
Fire Magic     | 1 2 4 5 |  5.3
Earth Magic    | 1 |  1.0
Air Magic      | 1 |  1.1
Evocations     | 1 |  1.3
Summonings     | 2 4 5 |  5.2
Translocations | |  1.1

Action                   |  1- 3 |  4- 6 |  7- 9 || total
-------------------------+-------+-------+-------++-------
Melee: Dagger            |    21 |    16 |       ||    37
       Punch             |     1 |       |       ||     1
       Hand axe          |       |       |    53 ||    53
       Short sword       |       |       |     6 ||     6
 Cast: Magic Dart        |    75 |    22 |    19 ||   116
       Foxfire           |    54 |   101 |   299 ||   454
       Mephitic Cloud    |       |     1 |    12 ||    13
       Blink             |       |     1 |     2 ||     3
       Call Imp          |       |     1 |       ||     1
       Stone Arrow       |       |       |    14 ||    14
 Stab: Sleeping          |       |     1 |       ||     1
       Confused          |       |       |     2 ||     2
Armor: Robe              |    16 |       |       ||    16
       Leather armour    |       |    16 |    30 ||    46
Dodge: Dodged            |    33 |    25 |    67 ||   125

Table legend: (Time is in decaauts)
 A = Elapsed time spent in this place.
 B = Non-inter-level travel time spent in this place.
 C = Inter-level travel time spent in this place.
 D = Time resting spent in this place.
 E = Time spent auto-exploring this place.
 F = Levels seen in this place.
 G = Mean time per level.
                   A        B        C        D        E       F      G
               +--------+--------+--------+--------+--------+-----+--------+
         Total |   9652 |   9349 |    303 |    239 |   7437 |  11 |  877.5 |
       Dungeon |   8846 |   8642 |    204 |    239 |   6944 |   9 |  982.9 |
        Temple |    163 |     64 |     99 |      0 |     59 |   1 |  163.0 |
       Ossuary |    642 |    642 |      0 |      0 |    434 |   1 |  642.0 |
               +--------+--------+--------+--------+--------+-----+--------+

Top non-repeatable levels by time:
     D:1: 1358 daAuts
     D:2: 1292 daAuts
     D:4: 1247 daAuts
     D:6: 1166 daAuts
     D:5: 1149 daAuts
     D:3: 1037 daAuts
     D:7: 960 daAuts
 Ossuary: 642 daAuts
     D:8: 619 daAuts
  Temple: 163 daAuts
     D:9: 15 daAuts
